 Dungeon Crawl Stone Soup version 0.23-a0-612-gcb482e9 (webtiles) character file.

98 Leeroy the Charmwright (level 4, -6/38 HPs)
             Began as a Gnoll Skald on Dec 21, 2018.
             Was an Initiate of Okawaru.
             Killed by divine providence
             ... invoked by an orc priest
              (13 damage)
             ... on level 3 of the Dungeon.
             The game lasted 00:05:30 (2734 turns).

Leeroy the Charmwright (Gnoll Skald)                Turns: 2734, Time: 00:05:31

Health: -6/38      AC: 12    Str: 13    XL:     4   Next: 71%
Magic:  11/11      EV:  5    Int: 16    God:    Okawaru [......]
Gold:   119        SH:  0    Dex: 15    Spells: 2/13 levels left

rFire    . . .     SeeInvis .   a - +0 falchion
rCold    . . .     Gourm    .   (no shield)
rNeg     . . .     Faith    .   r - +0 plate armour
rPois    .         Spirit   .   (no helmet)
rElec    .         Reflect  .   (no cloak)
rCorr    .         Harm     .   (no gloves)
MR       .....                  n - +0 pair of boots
Stlth    ..........             (no amulet)
HPRegen  0.12/turn              (no ring)
MPRegen  0.12/turn              (no ring)

@: no status effects
A: distributed training, fangs 1, strong nose
a: Renounce Religion


You were on level 3 of the Dungeon.
You worshipped Okawaru.
Okawaru was noncommittal.
You were very hungry.

You visited 1 branch of the dungeon, and saw 3 of its levels.

You collected 119 gold pieces.

Inventory:

Hand Weapons
 a - a +0 falchion (weapon)
 g - a +0 dagger of venom
 i - a +0 hunting sling
 s - a +0 falchion
 t - a +0 spear
 u - a +0 hand axe
Missiles
 c - 62 stones (quivered)
 y - 7 bolts
Armour
 b - a +0 leather armour
 n - a +0 pair of boots (worn)
 q - a +0 ring mail
 r - a +0 plate armour (worn)
 z - a +0 scale mail
Jewellery
 o - a cursed -3 ring of dexterity {unknown}
Scrolls
 f - a scroll of identify {unknown}
 j - 2 scrolls of amnesia
 k - 2 scrolls of remove curse {unknown}
 l - 3 scrolls of enchant armour {unknown}
 v - a scroll of random uselessness {unknown}
 w - a scroll of teleportation {unknown}
Potions
 e - a potion of ambrosia {unknown}
 h - a potion of might {unknown}
 m - a potion of agility {unknown}
 p - a potion of curing {unknown}
 x - a potion of brilliance {unknown}
Comestibles
 d - 6 rations


   Skills:
 + Level 4.6 Fighting
 + Level 1.2 Short Blades
 + Level 4.6 Long Blades
 + Level 1.2 Axes
 + Level 1.2 Maces & Flails
 + Level 1.2 Polearms
 + Level 1.2 Staves
 + Level 1.2 Slings
 + Level 1.2 Bows
 + Level 1.2 Crossbows
 + Level 1.2 Throwing
 + Level 2.8 Armour
 + Level 4.6 Dodging
 + Level 1.2 Stealth
 + Level 1.2 Shields
 + Level 1.2 Unarmed Combat
 + Level 5.1 Spellcasting
 + Level 1.0 Conjurations
 + Level 1.0 Hexes
 + Level 5.5 Charms
 + Level 1.0 Summonings
 + Level 1.0 Necromancy
 + Level 1.0 Translocations
 + Level 1.0 Transmutations
 + Level 1.0 Fire Magic
 + Level 1.0 Ice Magic
 + Level 1.0 Air Magic
 + Level 1.0 Earth Magic
 + Level 1.0 Poison Magic
 + Level 1.3 Invocations
 + Level 1.2 Evocations


You had 2 spell levels left.
You knew the following spells:

 Your Spells              Type           Power        Failure   Level  Hunger
a - Infusion              Chrm           ###.         91%         1    None
b - Song of Slaying       Chrm           ###.....     97%         2    #......
c - Shroud of Golubria    Chrm/Tloc      ##........   100%        2    #......
d - Regeneration          Chrm/Necr      ##........   100%        3    ###....
e - Spectral Weapon       Hex/Chrm       ##......     100%        3    ###....

Your spell library contained the following spells:

 Spells                   Type           Power        Failure   Level  Hunger


Dungeon Overview and Level Annotations

Branches:
Dungeon (3/15)

Altars:
Okawaru


Innate Abilities, Weirdness & Mutations

Your experience applies equally to all skills.
You have very sharp teeth.
Your uncanny sense of smell can sniff out nearby items.


Message History

The orc priest calls down the wrath of Beogh upon you.
Beogh smites you!
You hit the orc priest but do no damage.
The orc priest is heavily wounded.
The orc priest hits you but does no damage.
You hit the orc priest. You bite the orc priest.
The orc priest is almost dead.
The orc priest hits you but does no damage.
Your plate armour prevents you from hitting the orc priest.
Your bite misses the orc priest.
The orc priest is almost dead.
The orc priest invokes the aid of Beogh against you.
Pain shoots through your body!
* * * LOW HITPOINT WARNING * * *
Unknown command.
You hit the orc priest but do no damage.
The orc priest is almost dead.
The orc priest invokes the aid of Beogh against you.
Beogh smites you!
You die...

#.### #...# #.#..∆
#..## ## ##o#w#
####[.#
#..#....######o....#
+.......#wo.K..##K##
#..$...o..#######o#
#........## #)#
.....(...########w#
.....)......[@oKoo#
...#...############
## ####


You could see an orc priest, a dart slug, 2 orcs and a kobold.

Vanquished Creatures
  5 adders (D:2)
  A leopard gecko (D:1)
  A ball python (D:2)
  4 giant cockroaches
  9 goblins
  9 hobgoblins
  5 jackals (D:1)
  2 kobolds
  A quokka (D:2)
  3 bats
  4 frilled lizards
  5 rats
49 creatures vanquished.

Notes
Turn   | Place    | Note
-------+----------+-------------------------------------------
     0 | D:1      | Leeroy the Gnoll Skald began the quest for the Orb.
     0 | D:1      | Reached XP level 1. HP: 20/20 MP: 6/6
   159 | D:1      | Reached XP level 2. HP: 20/26 MP: 7/7
   531 | D:1      | Reached XP level 3. HP: 22/31 MP: 9/9
   843 | D:2      | Learned a level 2 spell: Song of Slaying
   846 | D:2      | Learned a level 2 spell: Shroud of Golubria
   850 | D:2      | Learned a level 3 spell: Regeneration
   854 | D:2      | Learned a level 3 spell: Spectral Weapon
   867 | D:2      | Reached skill level 5 in Spellcasting
  1127 | D:2      | Found an iron altar of Okawaru.
  1136 | D:2      | Became a worshipper of Warmaster Okawaru
  1236 | D:2      | Reached skill level 1 in Invocations
  1883 | D:2      | Reached skill level 1 in Short Blades
  1883 | D:2      | Reached skill level 1 in Axes
  1883 | D:2      | Reached skill level 1 in Maces & Flails
  1883 | D:2      | Reached skill level 1 in Polearms
  1883 | D:2      | Reached skill level 1 in Staves
  1883 | D:2      | Reached skill level 1 in Slings
  1883 | D:2      | Reached skill level 1 in Bows
  1883 | D:2      | Reached skill level 1 in Crossbows
  1883 | D:2      | Reached skill level 1 in Throwing
  1883 | D:2      | Reached skill level 1 in Stealth
  1883 | D:2      | Reached skill level 1 in Shields
  1883 | D:2      | Reached skill level 1 in Unarmed Combat
  1883 | D:2      | Reached skill level 1 in Evocations
  1883 | D:2      | Reached XP level 4. HP: 33/38 MP: 11/11
  2182 | D:2      | Reached skill level 1 in Conjurations
  2182 | D:2      | Reached skill level 1 in Hexes
  2182 | D:2      | Reached skill level 1 in Summonings
  2182 | D:2      | Reached skill level 1 in Necromancy
  2182 | D:2      | Reached skill level 1 in Translocations
  2182 | D:2      | Reached skill level 1 in Transmutations
  2182 | D:2      | Reached skill level 1 in Fire Magic
  2182 | D:2      | Reached skill level 1 in Ice Magic
  2182 | D:2      | Reached skill level 1 in Air Magic
  2182 | D:2      | Reached skill level 1 in Earth Magic
  2182 | D:2      | Reached skill level 1 in Poison Magic
  2734 | D:3      | Killed from afar by an orc priest

Vault maps used:
D:1:      dpeg_arrival_pond
D:2:      okawaru_ov_weapons_minmay, minmay_hexomino_f4
D:3:      overflow_temple_1_default, minmay_goblin_kobold_house

Skill      XL: |  1  2  3  4 |
---------------+-------------+-----
Spellcasting   | 5 |  5.1
Invocations    | 1 |  1.3
Short Blades   | 1 |  1.2
Axes           | 1 |  1.2
Maces & Flails | 1 |  1.2
Polearms       | 1 |  1.2
Staves         | 1 |  1.2
Slings         | 1 |  1.2
Bows           | 1 |  1.2
Crossbows      | 1 |  1.2
Throwing       | 1 |  1.2
Stealth        | 1 |  1.2
Shields        | 1 |  1.2
Unarmed Combat | 1 |  1.2
Evocations     | 1 |  1.2
Conjurations   | 1 |  1.0
Hexes          | 1 |  1.0
Summonings     | 1 |  1.0
Necromancy     | 1 |  1.0
Translocations | 1 |  1.0
Transmutations | 1 |  1.0
Fire Magic     | 1 |  1.0
Ice Magic      | 1 |  1.0
Air Magic      | 1 |  1.0
Earth Magic    | 1 |  1.0
Poison Magic   | 1 |  1.0
Fighting       | |  4.6
Long Blades    | |  4.6
Armour         | |  2.8
Dodging        | |  4.6
Charms         | |  5.5

Action                   |  1- 3 |  4- 6 || total
-------------------------+-------+-------++-------
Melee: Falchion          |   136 |    83 ||   219
       Bite              |    16 |     2 ||    18
  Use: Scroll            |     1 |       ||     1
  Eat: Chunk             |     3 |     2 ||     5
Armor: Leather armour    |    15 |       ||    15
       Plate armour      |    85 |    50 ||   135
Dodge: Dodged            |    65 |    25 ||    90
       Rpst.: Falchion   |    28 |    11 ||    39

Table legend:
 A = Non-vault XP
 B = Vault XP
 C = Vault XP percentage of total XP
 D = Non-vault monster count
 E = Vault monster count
 F = Vault count percentage of total count
                 A         B        C        D         E       F
            +---------+---------+-------+---------+---------+-------
      Total |     115 |      26 |  18.4 |      47 |       2 |   4.1
            +---------+---------+-------+---------+---------+-------
        D:1 |      35 |       0 |   0.0 |      20 |       0 |   0.0
        D:2 |      78 |      26 |  25.0 |      26 |       2 |   7.1
        D:3 |       2 |       0 |   0.0 |       1 |       0 |   0.0
            +---------+---------+-------+---------+---------+-------
